[Event "Early-Titled-Tuesday-Blitz-October-17-2023"]
[Site "Chess.com"]
[Date "2023.10.17"]
[Round "9"]
[White "adotand"]
[Black "GP9isback23"]
[Result "1-0"]
[WhiteElo "2854"]
[BlackElo "2670"]
[TimeControl "180+1"]
[EndTime "9:46:31 PDT"]
[Termination "adotand won by resignation"]

1. Nf3 Nf6 2. c4 e6 3. b3 d5 4. Bb2 Be7 5. e3 O-O 6. Nc3 b6 7. cxd5 exd5 8. Ne2 c5 9. Ng3 Nc6 10. Bb5 Bd7 11. O-O a6 12. Be2 b5 13. Nh4 Ne4 14.
Nhf5 Bf6 15. Bxf6 Qxf6 16. Nxe4 dxe4 17. Ng3 Qe7 18. Qc2 Rae8 19. Rac1 c4 20. bxc4 b4 21.
c5 f5 22. Nh5 Kh8 23. Qb2 a5 24. Nf4 Ne5 25. a3 Bc6 26. axb4 axb4 27. Qxb4 Qg5 28.
Kh1 Rf6 29. Qd4 Rh6 30. h3 Qf6 31. Rb1 g5 32. Nh5 Qg6 33. Rb8 Rxh5 34. Qxe5+ 1-0

[Event "Early-Titled-Tuesday-Blitz-October-17-2023"]
[Site "Chess.com"]
[Date "2023.10.17"]
[Round "9"]
[White "Aswathchess"]
[Black "Truequitos"]
[Result "1-0"]
[WhiteElo "2660"]
[BlackElo "2511"]
[TimeControl "180+1"]
[EndTime "9:46:31 PDT"]
[Termination "Aswathchess won by resignation"]

1. d4 d5 2. c4 Nc6 3. Nf3 e5 4. cxd5 Qxd5 5. Nc3 Bb4 6. Bd2 Bxc3 7. Bxc3 e4 8. Nd2 e3 9. fxe3 Nf6 10. Qb3 O-O 11. Qxd5 Nxd5 12. e4 Ne3 13. Rc1 f5 14. d5 Nb8 15.
Bd4 Ng4 16. Rxc7 Bd7 17. h3 Nf6 18. Bxf6 gxf6 19. exf5 Bxf5 20. e4 Re8 21. Bb5 Re5 22.
O-O Bg6 23. Rxf6 Na6 24. Bxa6 bxa6 25. d6 Rd8 26. d7 Kg7 27. Rxa6 Re7 28. Raxa7 Kf6 29.
Nc4 Bxe4 30. Nb6 Bf5 1-0

[Event "Early-Titled-Tuesday-Blitz-October-17-2023"]
[Site "Chess.com"]
[Date "2023.10.17"]
[Round "9"]
[White "OLDTERMINATOR"]
[Black "dianamirza"]
[Result "0-1"]
[WhiteElo "1634"]
[BlackElo "1984"]
[TimeControl "180+1"]
[EndTime "9:46:31 PDT"]
[Termination "dianamirza won on time"]

1. e4 c5 2. Nf3 e6 3. d4 cxd4 4.
Nxd4 a6 5. Nc3 Qc7 6. Be3 Nf6 7.
Bd3 Bb4 8. Bd2 O-O 9. f4 Bxc3 10. Bxc3 Qxf4 11. Qe2 Nc6 12. Nxc6 dxc6 13. Rf1 Qh4+ 14. g3 Qh6 15. e5 Nd5 16. Bd2 g5 17. h4 f5 18.
exf6 Rxf6 19. Bxg5 Rxf1+ 20. Qxf1 Qg7 21. O-O-O Bd7 22. c4 Rf8 23. Qe1 Nb4 24. Qxb4 Rf2 25. Rf1 Rh2 0-1

[Event "Early-Titled-Tuesday-Blitz-October-17-2023"]
[Site "Chess.com"]
[Date "2023.10.17"]
[Round "9"]
[White "AsadliVugar"]
[Black "Harry_Rakkel"]
[Result "1-0"]
[WhiteElo "2883"]
[BlackElo "2709"]
[TimeControl "180+1"]
[EndTime "9:46:38 PDT"]
[Termination "AsadliVugar won by resignation"]

1. e4 c5 2. Nc3 Nc6 3. Nf3 e6 4. d4 cxd4 5. Nxd4 Qc7 6. Be3 a6 7. Qf3 Ne5 8. Qg3 h5 9. Nf5 f6 10. O-O-O exf5 11. Nd5 Qa5 12. Kb1 h4 13. Qh3 fxe4 14.
Bb6 d6 15. Qb3 Qxd5 16. Qxd5 Ne7 17. Qxd6 N7c6 18. Qd5 Bf5 19. a3 Rh5 20. Be2 Rg5 21.
g3 h3 22. Rd2 Bg6 23. Rhd1 Be7 24. Qg8+ Bf8 25. Bc5 Nd7 26. Qe6+ 1-0

[Event "Early-Titled-Tuesday-Blitz-October-17-2023"]
[Site "Chess.com"]
[Date "2023.10.17"]
[Round "9"]
[White "Heinza9"]
[Black "GMSAGOR"]
[Result "0-1"]
[WhiteElo "2304"]
[BlackElo "2476"]
[TimeControl "180+1"]
[EndTime "9:46:38 PDT"]
[Termination "GMSAGOR won by resignation"]

1. e4 e5 2. Nf3 Nf6 3. Nc3 Bb4 4. Nxe5 O-O 5. d3 d5 6. exd5 Re8 7. f4 Nxd5 8. Bd2 Bxc3 9. bxc3 f6 10. c4 fxe5 11. cxd5 exf4+ 12. Kf2 Qh4+ 13. Kg1 Bg4 14. Be1 Qf6 15.
Qc1 Rxe1 16. Qxe1 Qd4+ 17. Qf2 Qxa1 18. Qxf4 Be2 19. Kf2 Bxf1 20. Rxf1 Qf6 21. Qxf6 gxf6 22. Ke3 Nd7 23. Kd4 Re8 24. Rf2 Kf7 25. c4 b6 26. a4 a5 27. g4 h6 28. h4 Kg6 29.
Rf5 Nc5 30. h5+ Kf7 31. d6 Rd8 0-1

[Event "Early-Titled-Tuesday-Blitz-October-17-2023"]
[Site "Chess.com"]
[Date "2023.10.17"]
[Round "9"]
[White "ErikRonka"]
[Black "garicradomir"]
[Result "1-0"]
[WhiteElo "2509"]
[BlackElo "2324"]
[TimeControl "180+1"]
[EndTime "9:46:41 PDT"]
[Termination "ErikRonka won by resignation"]

1. e4 Nc6 2. Nf3 d6 3. d4 Nf6 4. Nc3 g6 5. Be3 Bg7 6. Qd2 O-O 7. O-O-O a6 8. Bh6 Bg4 9. h3 Bxf3 10. gxf3 e5 11.
Bxg7 Kxg7 12. d5 Nd4 13. f4 Nh5 14. f5 Qh4 15. Kb1 Qf4 16. Qe1 Nf3 17. Qe2 b5 18. Rd3 Nd4 19. Qd1 gxf5 20. Qxh5 fxe4 21. Rg3+ Kh8 22.
Rhg1 Nf3 23. Rg7 h6 24. R1g4 Qd2 25. a3 b4 26. Qf5 1-0

[Event "Early-Titled-Tuesday-Blitz-October-17-2023"]
[Site "Chess.com"]
[Date "2023.10.17"]
[Round "9"]
[White "djokovic74"]
[Black "Cayse"]
[Result "1/2-1/2"]
[WhiteElo "2745"]
[BlackElo "2892"]
[TimeControl "180+1"]
[EndTime "9:46:42 PDT"]
[Termination "Game drawn by repetition"]

1. e4 e5 2. Nf3 Nc6 3. Bb5 a6 4. Ba4 Nf6 5. O-O Be7 6. d3 b5 7. Bb3 d6 8. a3 O-O 9. Nc3 Bg4 10. Be3 Nd4 11. Bxd4 exd4 12. Nd5 Nxd5 13. Bxd5 Rb8 14. h3 Bd7 15. Nxd4 Bf6 16. c3 Bxd4 17. cxd4 c6 18.
Ba2 Qf6 19. Qd2 Qxd4 20. Qc3 Qxc3 21. bxc3 Rfe8 22. f4 Kf8 23. Kf2 a5 24. Rab1 f5 25. Rfe1 g6 26. e5 d5 27. c4 dxc4 28. dxc4 Be6 29.
Rb2 bxc4 30. Rc2 Red8 31. Bxc4 Bxc4 32. Rxc4 Rd2+ 33. Re2 Rxe2+ 34. Kxe2 Rb2+ 35. Kf1 Rb1+ 36. Kf2 Rb2+ 37. Kf1 Rb1+ 38. Kf2 Rb2+ 39. Kg1 Rb3 40. Rxc6 Rxa3 41. Rc7 Ra4 42. g3 Ra1+ 43. Kg2 Ra2+ 44. Kf3 Ra3+ 45. Kg2 Ra2+ 46. Kf3 Ra3+ 47. Kg2 Ra2+ 1/2-1/2

[Event "Early-Titled-Tuesday-Blitz-October-17-2023"]
[Site "Chess.com"]
[Date "2023.10.17"]
[Round "9"]
[White "MDBIchess"]
[Black "Manukyan_Artak"]
[Result "1-0"]
[WhiteElo "2375"]
[BlackElo "2455"]
[TimeControl "180+1"]
[EndTime "9:46:53 PDT"]
[Termination "MDBIchess won by resignation"]

1. d4 Nf6 2. Nf3 d5 3. Bg5 Ne4 4. Bf4 c5 5. e3 Qb6 6. Nc3 Nxc3 7. bxc3 c4 8. Be2 Bf5 9. O-O Nc6 10. Ne5 e6 11. Qd2 Nxe5 12. Bxe5 f6 13. Bg3 Bd6 14. Bf3 Bxg3 15. hxg3 O-O 16. Rfe1 Bg6 17. e4 dxe4 18.
Bxe4 Bxe4 19. Rxe4 Rfe8 20. Rae1 Re7 21. Qe2 Qa6 22. Rxe6 Rxe6 23. Qxe6+ Qxe6 24. Rxe6 Kf7 25. Re1 Rc8 26. f3 Rc6 27. Rb1 b6 28. Kf2 Ke6 29.
a4 a6 30. a5 b5 31. Re1+ Kd7 32. Rh1 h6 33. Re1 Rd6 34. g4 Re6 35. Rxe6 Kxe6 36. Ke3 g5 37. Ke4 h5 38. gxh5 f5+ 39. Ke3 Kf6 40.
d5 Ke5 41. h6 1-0

[Event "Early-Titled-Tuesday-Blitz-October-17-2023"]
[Site "Chess.com"]
[Date "2023.10.17"]
[Round "9"]
[White "Kostukov_Alex"]
[Black "amelia91"]
[Result "1-0"]
[WhiteElo "2375"]
[BlackElo "2182"]
[TimeControl "180+1"]
[EndTime "9:46:56 PDT"]
[Termination "Kostukov_Alex won by checkmate"]

1. g3 d5 2. Bg2 e5 3. c4 c6 4.
cxd5 cxd5 5. d4 e4 6. Nc3 Nf6 7.
Bg5 Be7 8. Nh3 h6 9. Bxf6 Bxf6 10. Nf4 Nc6 11. e3 Ne7 12. Qb3 Be6 13. O-O O-O 14.
Nxe6 fxe6 15. Qxb7 Rb8 16. Qxa7 Rxb2 17. Rab1 Qb8 18.
Qa6 Kf7 19. Bh3 Nf5 20. Bxf5 exf5 21. Rxb2 Qxb2 22. Nxd5 Rb8 23. Nxf6 gxf6 24. a4 Kg6 25. Qe6 Qa3 26. g4 fxg4 27. Qxg4+ Kf7 28. Qxe4 Qxa4 29. Qd5+ Ke7 30. Rc1 Qa7 31. Rc6 Rf8 32. Qe6+ Kd8 33. Rc8# 1-0

[Event "Early-Titled-Tuesday-Blitz-October-17-2023"]
[Site "Chess.com"]
[Date "2023.10.17"]
[Round "9"]
[White "ChessQueen"]
[Black "ProfessorChess101"]
[Result "1-0"]
[WhiteElo "2710"]
[BlackElo "2561"]
[TimeControl "180+1"]
[EndTime "9:47:02 PDT"]
[Termination "ChessQueen won by resignation"]

1. e4 a6 2. a4 e6 3. d4 d5 4. Nd2 Nc6 5. Ngf3 Nf6 6. e5 Ne4 7. Bd3 f5 8. exf6 Nxf6 9. O-O Bd6 10. c4 O-O 11. Re1 Qe8 12. cxd5 Nxd5 13. Ne4 Bf4 14.
Neg5 h6 15. Ne4 Qh5 16. Ng3 Qf7 17. Bc2 Bxc1 18. Rxc1 Nf4 19. Re3 Bd7 20. Qd2 Ne7 21. Ne5 Qe8 22. Rf3 Ned5 23. Ne2 Nxe2+ 24. Qxe2 Rxf3 25.
Qxf3 Bc6 26. Bg6 Qd8 27. Bf7+ Kh8 28. Ng6+ Kh7 29. Qd3 Nb4 30. Nf8+ 1-0

[Event "Early-Titled-Tuesday-Blitz-October-17-2023"]
[Site "Chess.com"]
[Date "2023.10.17"]
[Round "9"]
[White "GMJustin"]
[Black "Kotofeyca"]
[Result "1-0"]
[WhiteElo "2186"]
[BlackElo "2389"]
[TimeControl "180+1"]
[EndTime "9:47:04 PDT"]
[Termination "GMJustin won by resignation"]

1. d4 d5 2. c4 c6 3. Nf3 Nf6 4. Nc3 dxc4 5. a4 Bg4 6. Ne5 Bh5 7.
h3 Nd5 8. g4 Bg6 9. Nxg6 hxg6 10. e4 Nb4 11. Be3 Nd3+ 12. Bxd3 cxd3 13. Qxd3 e6 14. Rd1 Na6 15. Kf1 Nb4 16. Qe2 Be7 17. Kg2 Qc7 18. d5 cxd5 19. exd5 Nxd5 20. Nxd5 exd5 21. Qb5+ Qc6 22. Rxd5 a6 23. Qxc6+ bxc6 24. Re5 Kd7 25. Rd1+ Bd6 26. Bc5 Rae8 27. Rxd6+ Kc7 28. Rxe8 Rxe8 29. Rd3 Re5 30. Bd6+ 1-0

[Event "Early-Titled-Tuesday-Blitz-October-17-2023"]
[Site "Chess.com"]
[Date "2023.10.17"]
[Round "9"]
[White "Msb2"]
[Black "Zhigalko_Sergei"]
[Result "1-0"]
[WhiteElo "3070"]
[BlackElo "2948"]
[TimeControl "180+1"]
[EndTime "9:47:05 PDT"]
[Termination "Msb2 won on time"]

1. d4 Nf6 2. c4 e6 3. Nc3 Bb4 4. e3 O-O 5. Bd2 b6 6. Nf3 Bb7 7. Bd3 Bxc3 8. Bxc3 Ne4 9. Bxe4 Bxe4 10. d5 f6 11. Nd2 Bg6 12. h4 h6 13. h5 Bh7 14.
Qf3 Na6 15. O-O-O Nc5 16. e4 Qe7 17. Rde1 c6 18. dxc6 dxc6 19. Nb3 Rad8 20. Nxc5 Qxc5 21. Qe2 b5 22. cxb5 cxb5 23. Qe3 Qc4 24. b3 Qc6 25.
Kb2 Rc8 26. f3 Rf7 27. Rc1 Qe8 28. Ba5 Kh8 29. Rxc8 Qxc8 30. Rc1 Qe8 31. Qc5 Bg8 32. Qc8 Rf8 33. Qxe8 Rxe8 34. Rc7 a6 35. g4 Rd8 36. Rxg7 Kxg7 37. Bxd8 e5 38. Kc3 Be6 39. Kb4 Kf7 40.
Kc5 Bc8 41. Kb6 Ke6 42. Kc7 Bd7 43. Kb7 Be8 44. Kxa6 Kd7 45. Bxf6 Kc6 46. Bg7 Bxh5 47. gxh5 1-0

[Event "Early-Titled-Tuesday-Blitz-October-17-2023"]
[Site "Chess.com"]
[Date "2023.10.17"]
[Round "9"]
[White "ajedrezhoy"]
[Black "cycygogne"]
[Result "1-0"]
[WhiteElo "2381"]
[BlackElo "2268"]
[TimeControl "180+1"]
[EndTime "9:47:08 PDT"]
[Termination "ajedrezhoy won by resignation"]

1. Nf3 c5 2. g3 Nc6 3. Bg2 g6 4. O-O Bg7 5. c4 e5 6. d3 Nge7 7. Nc3 O-O 8. a3 d6 9. Rb1 a5 10. Ne1 f5 11. Nc2 f4 12. b4 axb4 13. axb4 cxb4 14.
Nxb4 Nxb4 15. Rxb4 Nc6 16. Rb1 Nd4 17. e3 Ne6 18. Nd5 Kh8 19. exf4 exf4 20. Nxf4 Bd4 21. Nxe6 Bxe6 22. Bb2 Qf6 23. Bxd4 Qxd4 24. Qe2 Bf5 25. Be4 Rae8 26. Rfe1 h5 27. Qb2 Qe5 28. Qxe5+ Rxe5 29. Bxf5 Rexf5 30. f4 g5 31. fxg5 Rf2 32. Rxb7 Rd2 33. g6 Rxd3 34. g7+ 1-0

[Event "Early-Titled-Tuesday-Blitz-October-17-2023"]
[Site "Chess.com"]
[Date "2023.10.17"]
[Round "9"]
[White "lluiss"]
[Black "Akylbek2021"]
[Result "1-0"]
[WhiteElo "2153"]
[BlackElo "2259"]
[TimeControl "180+1"]
[EndTime "9:47:08 PDT"]
[Termination "lluiss won by resignation"]

1. Nf3 Nf6 2. d4 e6 3. Bf4 c5 4. e3 d5 5. Nbd2 Nc6 6. h3 Bd6 7. Bxd6 Qxd6 8. c3 O-O 9. Be2 Rb8 10. O-O b5 11. dxc5 Qxc5 12. Nd4 Nxd4 13. cxd4 Qd6 14. Nb3 Nd7 15. Rc1 Qb6 16. Nc5 a5 17. a3 b4 18. Qd2 bxa3 19. bxa3 Qb2 20. Qxb2 Rxb2 21.
Rfe1 Nb6 22. Rc3 Bd7 23. Ba6 Rb8 24. Rec1 Kf8 25. Nxd7+ Nxd7 26. Rc8+ Rxc8 27. Rxc8+ Ke7 28. Rc3 Kd6 29. a4 Nb6 30. Bb5 Rb4 31. Rc6+ Ke7 32.
Rxb6 1-0

[Event "Early-Titled-Tuesday-Blitz-October-17-2023"]
[Site "Chess.com"]
[Date "2023.10.17"]
[Round "9"]
[White "Keeper0416"]
[Black "lamomiajunior"]
[Result "1-0"]
[WhiteElo "2614"]
[BlackElo "2720"]
[TimeControl "180+1"]
[EndTime "9:47:11 PDT"]
[Termination "Keeper0416 won by resignation"]

1. Nf3 d5 2. c4 e6 3. b3 d4 4. e3 c5 5. exd4 cxd4 6. g3 Nc6 7.
Bg2 Nf6 8. O-O Bd6 9. d3 e5 10. Re1 O-O 11. Ba3 h6 12. c5 Bc7 13. b4 a6 14.
Nbd2 Re8 15. Nc4 Nd5 16. Qb3 Be6 17. Rac1 f6 18. Nfd2 Nc3 19. Bb2 a5 20. Bxc3 dxc3 21.
Rxc3 axb4 22. Rcc1 Ra3 23. Qb1 Rxd3 24. Bxc6 bxc6 25. Ne4 Bf5 26. Ncd6 Bxd6 27. Qxd3 Be7 28. Nxf6+ Bxf6 29. Qxf5 Qd5 30. Rc2 Ra8 31. Qe4 Qe6 32. Qxb4 Rxa2 33. Rxa2 Qxa2 34. Qb8+ Kh7 35. Qb1+ Qxb1 36.
Rxb1 Be7 37. Rb6 Bxc5 38. Rxc6 Bd4 39. Kg2 Kg8 40. f3 Kf7 41. Kf1 Ke7 42. Ke2 Bg1 43.
h4 Bh2 44. g4 Bf4 45. h5 Kd7 46. Rg6 Ke7 47. Rxg7+ Kf6 48. Rg6+ Kf7 49. Kd3 1-0

[Event "Early-Titled-Tuesday-Blitz-October-17-2023"]
[Site "Chess.com"]
[Date "2023.10.17"]
[Round "9"]
[White "PowerThinking2650"]
[Black "AndresDelgado77"]
[Result "1-0"]
[WhiteElo "2481"]
[BlackElo "2336"]
[TimeControl "180+1"]
[EndTime "9:47:13 PDT"]
[Termination "PowerThinking2650 won by resignation"]

1. e4 e6 2. d4 d5 3. Nd2 Nc6 4.
Ngf3 Nf6 5. e5 Nd7 6. Be2 f6 7.
exf6 Qxf6 8. Nf1 e5 9. Ne3 e4 10. Nxd5 Qd6 11. c4 exf3 12. Bf4 fxg2 13. Rg1 Qxf4 14. Bh5+ Qf7 15. Bxf7+ Kxf7 16. Qf3+ Nf6 17. O-O-O Bg4 18. Qf4 Bd6 19. Qg5 h6 20. Qd2 Bxd1 21. Qxd1 Nxd5 22. Qh5+ Kg8 23. Qxd5+ Kh7 24. Qf5+ Kg8 25. c5 Be7 26. Rxg2 Rf8 27. Qe6+ Kh7 28. Qg6+ 1-0

[Event "Early-Titled-Tuesday-Blitz-October-17-2023"]
[Site "Chess.com"]
[Date "2023.10.17"]
[Round "9"]
[White "guillembaches"]
[Black "InitiatingASC"]
[Result "1-0"]
[WhiteElo "2510"]
[BlackElo "2358"]
[TimeControl "180+1"]
[EndTime "9:47:14 PDT"]
[Termination "guillembaches won by resignation"]

1. d4 f5 2. Nf3 d6 3. Bf4 g6 4. e3 Bg7 5. h3 e6 6. c3 Ne7 7. Bc4 O-O 8. Nbd2 Kh8 9. Qb3 d5 10. Bd3 Nd7 11. h4 h6 12. O-O-O c5 13. c4 Qb6 14. Kb1 Qxb3 15. Nxb3 cxd4 16. exd4 dxc4 17.
Bxc4 Nb6 18. Bd3 Nbd5 19. Bd2 Rd8 20. Rhe1 b6 21. Bc4 Kg8 22. Rc1 Kf7 23. Ne5+ Bxe5 24.
Rxe5 f4 25. g3 Nc6 26. Bxd5 Nxe5 27. Bxa8 Nd3 28. Rc7+ Kf6 29. Bxf4 Nxf4 30. gxf4 Ba6 31. Be4 1-0

[Event "Early-Titled-Tuesday-Blitz-October-17-2023"]
[Site "Chess.com"]
[Date "2023.10.17"]
[Round "9"]
[White "Bauman_Guy"]
[Black "ChessSkool"]
[Result "1-0"]
[WhiteElo "2856"]
[BlackElo "2685"]
[TimeControl "180+1"]
[EndTime "9:47:21 PDT"]
[Termination "Bauman_Guy won on time"]

1. e4 c5 2. Nf3 d6 3. d4 Nf6 4. Nc3 cxd4 5. Nxd4 a6 6. h3 e6 7. g3 b5 8. Bg2 Bb7 9. O-O Nbd7 10.
Re1 Qc7 11. a4 b4 12. Nd5 exd5 13. exd5+ Kd8 14. Nc6+ Bxc6 15. dxc6 Nc5 16. Be3 Ne6 17. a5 Ke8 18. Bb6 Qc8 19. c7 Be7 20. Bc6+ Nd7 21.
Qd5 Nxc7 22. Bxc7 Qxc7 23. Bxa8 Kf8 24. Qe4 Nc5 25. Qxb4 g6 26. Qb6 Bd8 27. b4 Qxb6 28. axb6 Nd7 29. b7 Nb8 30. Rad1 Bc7 31. c4 h5 32. c5 dxc5 33. bxc5 f5 34. Re6 Rg8 35. Rde1 1-0

[Event "Early-Titled-Tuesday-Blitz-October-17-2023"]
[Site "Chess.com"]
[Date "2023.10.17"]
[Round "9"]
[White "karinachess1"]
[Black "Mystery2007"]
[Result "1-0"]
[WhiteElo "2617"]
[BlackElo "2468"]
[TimeControl "180+1"]
[EndTime "9:47:22 PDT"]
[Termination "karinachess1 won by checkmate"]

1. d4 Nf6 2. c4 e6 3. Nc3 d5 4. cxd5 exd5 5. Bg5 c6 6. e3 h6 7. Bh4 Be6 8. Bd3 Nbd7 9. Nge2 g5 10. Bg3 Nh5 11.
Qc2 Nxg3 12. hxg3 Qa5 13. O-O-O O-O-O 14. Kb1 Kb8 15. Rc1 Bg7 16. Na4 Rc8 17. Qb3 Rc7 18.
Nc5 Nxc5 19. Rxc5 Qb6 20. Qa4 Bf8 21. Rc2 Bd7 22. Nc3 a6 23. Qb3 Qxb3 24. axb3 b5 25. Rhc1 Kb7 26. Nxd5 Rc8 27. Nf6 Be6 28. Be4 Bxb3 29.
Rxc6 Rxc6 30. Rxc6 Ka7 31. Nd7 Be7 32. Rc7# 1-0

[Event "Early-Titled-Tuesday-Blitz-October-17-2023"]
[Site "Chess.com"]
[Date "2023.10.17"]
[Round "9"]
[White "vishwa_vijeta"]
[Black "Aleksandar-Topalov"]
[Result "1-0"]
[WhiteElo "2506"]
[BlackElo "2338"]
[TimeControl "180+1"]
[EndTime "9:47:22 PDT"]
[Termination "vishwa_vijeta won by checkmate"]

1. e4 e6 2. d4 d5 3. Nc3 Bb4 4. e5 Qd7 5. Nf3 b6 6. a3 Bxc3+ 7. bxc3 Ba6 8. Bxa6 Nxa6 9. O-O Ne7 10. a4 Nb8 11. Ba3 Nbc6 12. Qe2 O-O 13. Rfd1 Na5 14.
Nd2 Nec6 15. Bxf8 Rxf8 16. Qd3 Ne7 17. c4 c6 18. cxd5 cxd5 19. c4 dxc4 20. Nxc4 Nxc4 21.
Qxc4 Nd5 22. Rac1 h6 23. Qc6 Qe7 24. Qb5 Qg5 25. Qb3 Rd8 26. Qf3 a6 27. g3 b5 28.
a5 b4 29. Rc6 Nc3 30. Rd3 Rb8 31. Rb6 Qd8 32. Qc6 Nd5 33. Rxb8 Qxb8 34. Rb3 Qa7 35. Qc8+ Kh7 36. Qc2+ g6 37. Qc5 Qd7 38. Qf8 g5 39. Rf3 Kg6 40. g4 Nf4 41. Qg8# 1-0

[Event "Early-Titled-Tuesday-Blitz-October-17-2023"]
[Site "Chess.com"]
[Date "2023.10.17"]
[Round "9"]
[White "VincentKeymer"]
[Black "GMKrikor"]
[Result "1-0"]
[WhiteElo "3080"]
[BlackElo "2820"]
[TimeControl "180+1"]
[EndTime "9:47:24 PDT"]
[Termination "VincentKeymer won on time"]

1. Nf3 d5 2. e3 c5 3. b3 a6 4. Bb2 Nc6 5. g3 Nf6 6. Bg2 g6 7. c4 Bg7 8. cxd5 Qxd5 9. O-O Qf5 10. Nc3 O-O 11. Rc1 Nb4 12. d4 Rd8 13. Na4 cxd4 14. Nxd4 Qh5 15. Qxh5 gxh5 16. Nb6 Rb8 17. Ba3 Nbd5 18.
Bc5 e6 19. e4 Nxb6 20. Bxb6 Re8 21. Rfd1 Nd7 22. Bc7 Ra8 23. Nf3 Nf6 24. Nd2 Nd7 25. Nc4 Rf8 26. e5 Nc5 27. Nb6 1-0

[Event "Early-Titled-Tuesday-Blitz-October-17-2023"]
[Site "Chess.com"]
[Date "2023.10.17"]
[Round "9"]
[White "CraiggoryC"]
[Black "ssunu"]
[Result "1-0"]
[WhiteElo "2199"]
[BlackElo "1926"]
[TimeControl "180+1"]
[EndTime "9:47:29 PDT"]
[Termination "CraiggoryC won by checkmate"]

1. e4 e6 2. d4 d5 3. e5 c5 4. c3 Nc6 5. Nf3 Bd7 6. Be2 Nge7 7. O-O Qb6 8. dxc5 Qxc5 9. Bd3 Ng6 10. Re1 Be7 11.
b3 O-O 12. h4 Rfc8 13. h5 Nf8 14. h6 Ng6 15. hxg7 Kxg7 16. Qd2 Bf8 17. Qh6+ Kh8 18.
Qh5 Bg7 19. Ng5 Nf8 20. Bxh7 Nxe5 21. Bc2+ Kg8 22. Rxe5 Ng6 23. Re1 d4 24. Qh7+ Kf8 25.
Ba3 Qxa3 26. Nxa3 Rxc3 27. Bxg6 fxg6 28. Qxg6 Rac8 29. Qf7# 1-0

[Event "Early-Titled-Tuesday-Blitz-October-17-2023"]
[Site "Chess.com"]
[Date "2023.10.17"]
[Round "9"]
[White "SashaKuzhilniy"]
[Black "MightyGMpretender"]
[Result "0-1"]
[WhiteElo "2637"]
[BlackElo "2836"]
[TimeControl "180+1"]
[EndTime "9:47:31 PDT"]
[Termination "MightyGMpretender won by resignation"]

1. b3 Nf6 2. Bb2 g6 3. Nf3 Bg7 4. g3 O-O 5. Bg2 c5 6. O-O Nc6 7. c4 d6 8. d4 cxd4 9. Nxd4 Bd7 10. Nc3 Qc8 11. Nc2 Bh3 12. e4 a6 13. Re1 Bxg2 14. Kxg2 Rd8 15. Qd2 Rb8 16. a4 Na5 17. Ra3 b6 18. Ne3 e6 19. Qc2 h5 20. Raa1 h4 21.
Red1 Qc5 22. Ba3 Qh5 23. f3 Bh6 24. Nf1 h3+ 25. Kf2 d5 26. cxd5 exd5 27. Nxd5 Nxd5 28. exd5 Rbc8 29. Qd3 Qe5 30. Ra2 Rc3 31. Qxa6 Be3+ 32. Nxe3 Qxe3+ 33. Kf1 Qxf3+ 34. Ke1 Re8+ 35. Re2 Rxe2+ 36.
Qxe2 Re3 0-1

[Event "Early-Titled-Tuesday-Blitz-October-17-2023"]
[Site "Chess.com"]
[Date "2023.10.17"]
[Round "9"]
[White "wqws"]
[Black "ChainedDowntohell"]
[Result "0-1"]
[WhiteElo "2627"]
[BlackElo "2491"]
[TimeControl "180+1"]
[EndTime "9:47:33 PDT"]
[Termination "ChainedDowntohell won by resignation"]

1. e4 c5 2. Nf3 d6 3. d4 cxd4 4. Nxd4 Nf6 5. Nc3 Bd7 6. Bc4 Nc6 7. O-O e6 8. Ndb5 Ne5 9. Be2 Bc6 10. f4 Ng6 11. Bf3 Be7 12. Be3 a6 13. Nd4 O-O 14. g3 Qc7 15. h4 Rfe8 16. h5 Nf8 17. h6 g6 18. a4 Rad8 19. a5 N8d7 20. Qe2 Bf8 21.
g4 e5 22. Nxc6 Qxc6 23. f5 gxf5 24. exf5 e4 25. Bg2 Ne5 26. g5 Nfg4 27. Bb6 d5 28.
Bxd8 Rxd8 29. Rad1 Bc5+ 30. Kh1 Rd6 31. Rf4 Rxh6+ 0-1

[Event "Early-Titled-Tuesday-Blitz-October-17-2023"]
[Site "Chess.com"]
[Date "2023.10.17"]
[Round "9"]
[White "maurovargas01"]
[Black "LamaChampetre"]
[Result "0-1"]
[WhiteElo "1923"]
[BlackElo "2233"]
[TimeControl "180+1"]
[EndTime "9:47:33 PDT"]
[Termination "LamaChampetre won on time"]

1. e4 c5 2. Nc3 Nc6 3. f4 g6 4.
Nf3 Bg7 5. e5 d6 6. exd6 Qxd6 7.
d3 Nf6 8. g3 Bg4 9. Bg2 O-O 10.
O-O Nd4 11. Ne4 Nxe4 12. dxe4 Qc6 13. e5 Rad8 14. Nxd4 Bxd1 15. Nxc6 bxc6 16. Be3 Bxc2 17. Bxc5 Ba4 18. Bxe7 Rd2 19. Bxf8 Bxf8 20. b3 Bc5+ 21. Kh1 Bb5 22. a4 Bxf1 23. Bxf1 Bd4 24. Rb1 c5 25. b4 cxb4 26. Rxb4 Bb6 27. Rc4 Kg7 28. Rc1 h5 29. Bc4 h4 30. Ra1 hxg3 31. hxg3 Bf2 32. g4 Bg3 33. e6 fxe6 34. Bxe6 Bxf4 35. Rb1 Kf6 36. Re1 Kg5 37. Rb1 Kh4 38. Rb4 g5 0-1

[Event "Early-Titled-Tuesday-Blitz-October-17-2023"]
[Site "Chess.com"]
[Date "2023.10.17"]
[Round "9"]
[White "Aash20"]
[Black "eightbyeightchess"]
[Result "0-1"]
[WhiteElo "2529"]
[BlackElo "2443"]
[TimeControl "180+1"]
[EndTime "9:47:35 PDT"]
[Termination "eightbyeightchess won by checkmate"]

1. e4 e6 2. d4 d5 3. Nd2 Nf6 4.
e5 Nfd7 5. Bd3 c5 6. c3 Nc6 7. Ngf3 cxd4 8. cxd4 g6 9. O-O Bg7 10. Re1 O-O 11. Nf1 f6 12. exf6 Nxf6 13. b3 Ng4 14.
Bb2 Qb6 15. Be2 Nxf2 16. Kxf2 Nxd4 17. Bxd4 Bxd4+ 18. Kg3 Bf2+ 19. Kh3 e5+ 20. g4 Bxg4+ 21. Kg2 Bxe1 22. Qxd5+ Be6 23. Qxe5 Qf2+ 24. Kh1 Rae8 25. Rxe1 Bf7 26. Qg3 Rxe2 27. Rxe2 Qxf1+ 28. Ng1 Bd5+ 29. Rg2 Bxg2+ 30. Qxg2 Rf2 31. Qd5+ Rf7 32. Qd8+ Kg7 33. Qd4+ Qf6 34. Qe4 Qc6 35. Qxc6 bxc6 36. Ne2 Rf1+ 37. Kg2 Ra1 38. Nc3 Rc1 39. Na4 Rc2+ 40. Kg3 Rxa2 41.
Nc5 Kf6 42. h4 Rc2 43. b4 Rc4 44. Nd7+ Ke6 45. Nf8+ Kd5 46. Nxh7 Rxb4 47. Nf8 a5 48. Nxg6 a4 49. h5 a3 50. h6 Rb8 51. h7 a2 52.
Ne7+ Kd6 53. Ng8 a1=Q 54. h8=Q Qxh8 55. Nf6 Qxf6 56. Kg2 Rg8+ 57. Kh2 Qh8# 0-1

[Event "Early-Titled-Tuesday-Blitz-October-17-2023"]
[Site "Chess.com"]
[Date "2023.10.17"]
[Round "9"]
[White "bescmelasti"]
[Black "andrzej"]
[Result "1-0"]
[WhiteElo "2622"]
[BlackElo "2489"]
[TimeControl "180+1"]
[EndTime "9:47:38 PDT"]
[Termination "bescmelasti won by resignation"]

1. e4 e5 2. Nf3 Nf6 3. Nxe5 d6 4.
Nf3 Nxe4 5. d4 d5 6. Bd3 Be7 7. O-O Bf5 8. Nbd2 O-O 9. Re1 Nd6 10. Nf1 Bxd3 11. Qxd3 c6 12. Bf4 Na6 13. Ng3 Nc7 14. a4 Ne6 15. Bd2 Qc7 16. a5 Rae8 17. b3 a6 18. c4 dxc4 19. bxc4 Rd8 20. Rab1 Nc8 21.
Nf5 Bf6 22. d5 Nc5 23. Qa3 cxd5 24. Bb4 Ne4 25. Bxf8 Rxf8 26. cxd5 Nc3 27. Rbc1 Qf4 28. Ne3 Ne4 29. Qb4 Ncd6 30. Nc4 Nxf2 31. Qxd6 Qxd6 32.
Nxd6 Nd3 33. Nxb7 Nxc1 34. Rxc1 Rb8 35. d6 g5 36. Rc7 Bc3 37. d7 Bf6 38. Rc8+ 1-0

[Event "Early-Titled-Tuesday-Blitz-October-17-2023"]
[Site "Chess.com"]
[Date "2023.10.17"]
[Round "9"]
[White "AnaKuchava"]
[Black "beccrajoy"]
[Result "1-0"]
[WhiteElo "2237"]
[BlackElo "1997"]
[TimeControl "180+1"]
[EndTime "9:47:38 PDT"]
[Termination "AnaKuchava won by checkmate"]

1. d4 d5 2. Nf3 Nf6 3. c4 c6 4. Qb3 Qb6 5. c5 Qxb3 6. axb3 Nbd7 7. b4 g6 8. Nc3 Bg7 9. Bf4 O-O 10. b5 Nh5 11. Bc7 e5 12. bxc6 bxc6 13. e3 e4 14. Nd2 f5 15. Bd6 Rf7 16. Ba6 Bxa6 17. Rxa6 Nb8 18. Bxb8 Rxb8 19. Rxc6 Rxb2 20. Nxd5 f4 21. Nxe4 fxe3 22. Rc8+ Bf8 23. Nxe3 Nf4 24. O-O Ne2+ 25. Kh1 Nxd4 26. Ng4 Kg7 27. Ne5 Rf4 28. f3 Rf5 29. Nd3 Rb3 30. Rc7+ Kh6 31. Ndf2 Ne6 32. Ng4+ Kh5 33.
Rxh7+ Bh6 34. Rxh6# 1-0